[Event "*** Titled Tuesday Blitz AM"]
[Site "Chess.com"]
[Date "2020.01.07"]
[Round "8"]
[White "Yaacovn"]
[Black "Sashadav97"]
[Result "1/2-1/2"]
[WhiteElo "2798"]
[BlackElo "2569"]
[TimeControl "180+2"]
[EndTime "10:48:39 PST"]
[Termination "Game drawn by agreement"]

1. d4 Nf6 2. Nf3 e6 3. e3 d5 4.
Bd3 Bd6 5. Nbd2 b6 6. e4 dxe4 7. Nxe4 Bb7 8. Nxf6+ gxf6 9. Qe2 c6 10. c4 Nd7 11. O-O Qc7 12. Rb1 c5 13. d5 O-O-O 14. dxe6 fxe6 15. Be4 Rhg8 16. g3 Bxe4 17. Qxe4 f5 18.
Qxe6 f4 19. Rd1 Rg6 20. Qe4 fxg3 21. hxg3 Bxg3 22. Qa8+ Nb8 23. Rxd8+ Kxd8 24. Bg5+ Kc8 25. fxg3 Qxg3+ 26. Kf1 Rxg5 27. Nxg5 Qd3+ 28. Kf2 Qxb1 29. Qxa7 Qxb2+ 30. Kg3 Qc3+ 31. Nf3 Qxc4 32. Qxb6 Qd5 33. a4 Nd7 34. Qa6+ Kc7 35. Qa5+ Kd6 36. Qa6+ Qc6 37. Qd3+ Kc7 38. a5 Qg6+ 39. Qxg6 hxg6 40. Kf4 Kc6 41.
Kg5 Nf8 42. Kf6 c4 43. Ne5+ Kb5 44. Nxc4 Kxc4 45. a6 Nd7+ 46. Kxg6 Nb6 1/2-1/2

[Event "*** Titled Tuesday Blitz AM"]
[Site "Chess.com"]
[Date "2020.01.07"]
[Round "8"]
[White "chigorin28"]
[Black "Anna_ChessMate"]
[Result "1-0"]
[WhiteElo "2424"]
[BlackElo "2565"]
[TimeControl "180+2"]
[EndTime "10:48:41 PST"]
[Termination "chigorin28 won by resignation"]

1. e4 c6 2. d4 d5 3. e5 Bf5 4. Nc3 e6 5. g4 Bg6 6. h4 f6 7. h5 Bf7 8. Qe2 Nd7 9. Nf3 Bb4 10. Bd2 Qb6 11. O-O-O h6 12. Kb1 O-O-O 13. Na4 Qa5 14. Nc3 Qb6 15. Rh3 Ne7 16. Qd3 fxe5 17. Nxe5 Nxe5 18. dxe5 c5 19. a3 Bxc3 20. Qxc3 Nc6 21. Re1 d4 22. Qc4 Rd5 23. Rb3 Qc7 24. f4 Rhd8 25. Bg2 b6 26. Bxd5 exd5 27. Qa6+ Kb8 28. Qe2 c4 29. Rg3 c3 30. bxc3 Na5 31. cxd4 Nc4 32.
Bc1 Re8 33. f5 Rc8 34. Rb3 Be8 35. Rc3 Qd7 36. e6 Qb5+ 37. Rb3 Qa5 38. e7 Ba4 39. Ka2 Nd6 40. Bf4 1-0

[Event "*** Titled Tuesday Blitz AM"]
[Site "Chess.com"]
[Date "2020.01.07"]
[Round "8"]
[White "NewBornNow"]
[Black "MFBerna"]
[Result "1-0"]
[WhiteElo "2682"]
[BlackElo "2470"]
[TimeControl "180+2"]
[EndTime "10:48:43 PST"]
[Termination "NewBornNow won by resignation"]

1. e4 d5 2. exd5 Qxd5 3. Nc3 Qd8 4. d4 Nf6 5. Nf3 Bg4 6. h3 Bxf3 7. Qxf3 c6 8. Bc4 e6 9. Ne2 Be7 10. Bd2 Nbd7 11.
O-O-O Nb6 12. Bb3 a5 13. a3 a4 14. Ba2 O-O 15. g4 Nfd5 16. h4 Nc7 17. g5 Nb5 18.
Kb1 Nd6 19. Rhg1 Nbc4 20. Bc1 b5 21. Qxc6 Rc8 22. Qf3 Qb6 23. c3 Nf5 24. h5 Rfd8 25.
Ng3 Ncd6 26. Nxf5 Nxf5 27. d5 b4 28. axb4 Kh8 29. dxe6 fxe6 30. Rxd8+ Rxd8 31. Re1 Rf8 32. Rxe6 Qd8 33. Qd5 Qc8 34. h6 a3 35. hxg7+ Kxg7 36. Qe5+ 1-0

[Event "*** Titled Tuesday Blitz AM"]
[Site "Chess.com"]
[Date "2020.01.07"]
[Round "8"]
[White "MathiasWomacka"]
[Black "csati17"]
[Result "0-1"]
[WhiteElo "2328"]
[BlackElo "2556"]
[TimeControl "180+2"]
[EndTime "10:48:45 PST"]
[Termination "csati17 won by resignation"]

1. e4 e6 2. d4 d5 3. Nd2 Nc6 4. Ngf3 Nf6 5. e5 Nd7 6. Bd3 Nb4 7. Be2 c5 8. c3 Nc6 9. O-O Rb8 10. Re1 b5 11.
Nf1 Qb6 12. Ng3 b4 13. h4 Ba6 14.
Be3 Bxe2 15. Qxe2 c4 16. Ng5 Be7 17. Qg4 Bxg5 18. Qxg5 g6 19. Qh6 Ne7 20. Qg7 Rg8 21. Qxh7 bxc3 22. bxc3 Qb2 23. Ne2 Qc2 24. Bg5 Nf8 25.
Qh6 Nf5 0-1

[Event "*** Titled Tuesday Blitz AM"]
[Site "Chess.com"]
[Date "2020.01.07"]
[Round "8"]
[White "Genghis_K"]
[Black "Triumphmate"]
[Result "1-0"]
[WhiteElo "2895"]
[BlackElo "2640"]
[TimeControl "180+2"]
[EndTime "10:48:46 PST"]
[Termination "Genghis_K won by resignation"]

1. e4 d5 2. exd5 Nf6 3. d4 Bg4 4. Bb5+ c6 5. dxc6 Nxc6 6. Ne2 e6 7. Nbc3 Bd6 8. O-O O-O 9. Bg5 Bh5 10. Ne4 Be7 11. Bxf6 Bxf6 12. c3 Be7 13. N4g3 Bg6 14.
Nf4 Rc8 15. Nxg6 hxg6 16. Qe2 a6 17. Bd3 Bf6 18. Ne4 Qe7 19. Rfe1 Rfd8 20. Rad1 Rd5 21. g3 Rcd8 22. Nxf6+ Qxf6 23. Be4 R5d6 24. h4 e5 25. d5 Nb8 26. c4 Nd7 27. b4 b6 28. Qe3 Qe7 29.
c5 Rf6 30. c6 Nb8 31. Qxb6 Rfd6 32. Qc5 f5 33. c7 Rc8 34. cxb8=Q Rxb8 35. Bc2 e4 36. Ba4 Qe5 37. Qd4 Qe7 38. Bc6 Rbd8 39. Qc4 Qe5 40. a4 g5 41. hxg5 Rg6 42. f4 Qc7 43.
d6+ Qf7 44. Bd5 1-0

[Event "*** Titled Tuesday Blitz AM"]
[Site "Chess.com"]
[Date "2020.01.07"]
[Round "8"]
[White "miroslavsavic"]
[Black "mortngabriel"]
[Result "0-1"]
[WhiteElo "2074"]
[BlackElo "2375"]
[TimeControl "180+2"]
[EndTime "10:48:46 PST"]
[Termination "mortngabriel won by resignation"]

1. Nf3 Nf6 2. c4 c5 3. Nc3 Nc6 4. g3 d5 5. cxd5 Nxd5 6. Bg2 Nxc3 7. bxc3 g6 8. O-O Bg7 9. Rb1 O-O 10. Ba3 Qa5 11.
Qb3 Bf5 12. Ra1 b6 13. Nh4 Be6 14. Qb2 Rac8 15. Rac1 Rfd8 16. d3 Nd4 17. Qb1 Nxe2+ 0-1

[Event "*** Titled Tuesday Blitz AM"]
[Site "Chess.com"]
[Date "2020.01.07"]
[Round "8"]
[White "Kirill_Kopenkin"]
[Black "alex_zapata"]
[Result "1-0"]
[WhiteElo "2480"]
[BlackElo "2314"]
[TimeControl "180+2"]
[EndTime "10:48:47 PST"]
[Termination "Kirill_Kopenkin won by checkmate"]

1. e4 c5 2. Nf3 d6 3. d4 cxd4 4. Nxd4 Nf6 5. Nc3 a6 6. f3 e5 7.
Nb3 Be6 8. Be3 Nbd7 9. Qd2 b5 10. a4 b4 11. Nd5 Bxd5 12. exd5 Nb6 13. Bxb6 Qxb6 14.
a5 Qb7 15. Ra4 Rb8 16. Bc4 Be7 17. Nc1 e4 18. O-O O-O 19. Na2 Rfc8 20. b3 exf3 21. gxf3 Qa7+ 22. Qf2 Qc5 23. Re1 Bd8 24. Bxa6 Qxf2+ 25. Kxf2 Rxc2+ 26. Re2 Rc5 27. Nxb4 Rxa5 28. Rxa5 Bxa5 29.
Nc6 Bb6+ 30. Kf1 Ra8 31. Bc4 Ra1+ 32. Re1 Ra2 33. Re2 Ra1+ 34. Kg2 Rg1+ 35. Kh3 Nh5 36.
Re8# 1-0

[Event "*** Titled Tuesday Blitz AM"]
[Site "Chess.com"]
[Date "2020.01.07"]
[Round "8"]
[White "2165149677570"]
[Black "KerryStead"]
[Result "0-1"]
[WhiteElo "2279"]
[BlackElo "2082"]
[TimeControl "180+2"]
[EndTime "10:48:48 PST"]
[Termination "KerryStead won by resignation"]

1. e4 e5 2. Nf3 d5 3. exd5 Bd6 4. Nc3 f5 5. d4 e4 6. Ne5 Nf6 7. Bb5+ Bd7 8. Nxd7 Nbxd7 9. f3 exf3 10. Qxf3 g6 11. O-O O-O 12. Bf4 a6 13. Bd3 Nb6 14. Rae1 Bxf4 15. Qxf4 Nbxd5 16. Nxd5 Nxd5 17. Qe5 c6 18. c4 Nf6 19. Qe6+ Kg7 20. Qe7+ Qxe7 21.
Rxe7+ Rf7 22. Rfe1 Rf8 23. Rxf7+ Rxf7 24. Re5 Rd7 25. d5 cxd5 26. cxd5 Nxd5 27. Bc4 Nf6 28. h3 h5 29. Re2 Ne4 30. g4 hxg4 31. hxg4 Kf6 32.
gxf5 gxf5 33. Kg2 Rd2 34. Rxd2 Nxd2 35. Bd5 b6 36. Kf2 Ke5 37. Bb7 a5 38. Ke3 Nc4+ 39.
Kf3 Nxb2 40. Ke3 Nc4+ 41. Kd3 Nd6 42. Ba6 b5 43. Ke3 Kd5 44. Kf4 Kc6 45. Ke5 Kb6 0-1

[Event "*** Titled Tuesday Blitz AM"]
[Site "Chess.com"]
[Date "2020.01.07"]
[Round "8"]
[White "MITerryble"]
[Black "EugeneRougon"]
[Result "1-0"]
[WhiteElo "2939"]
[BlackElo "2727"]
[TimeControl "180+2"]
[EndTime "10:49:00 PST"]
[Termination "MITerryble won by checkmate"]

1. e4 e6 2. d4 d5 3. exd5 exd5 4.
Nf3 Nc6 5. Bb5 Bd6 6. h3 Ne7 7. c4 dxc4 8. Bxc4 O-O 9. O-O Bf5 10. Nc3 Qd7 11. Re1 Rad8 12. d5 Nb4 13. Nd4 Bg6 14. a3 Na6 15. Bb5 Qc8 16. Bg5 f6 17. Bd2 Bf7 18. Ne6 Bxe6 19. Rxe6 Nxd5 20. Bc4 Qxe6 21. Bxd5 Bh2+ 22. Kxh2 Rxd5 23. Nxd5 Qxd5 24. Be3 Qe5+ 25. g3 Qxb2 26. Qd5+ Kh8 27. Ra2 Qe5 28.
Qxb7 Nc5 29. Qxa7 Ne4 30. Rc2 Rc8 31. Qb7 Re8 32. Qxc7 Qe6 33. a4 h5 34. Qc6 Qe7 35. a5 h4 36. gxh4 Qe5+ 37. Kg2 Re6 38. Qa8+ Kh7 39. Rc8 Nd6 40. Rh8+ Kg6 41. h5+ Kf7 42.
Qf8# 1-0

[Event "*** Titled Tuesday Blitz AM"]
[Site "Chess.com"]
[Date "2020.01.07"]
[Round "8"]
[White "Zarikovs1999"]
[Black "Gareth-Bale11"]
[Result "1-0"]
[WhiteElo "2360"]
[BlackElo "2690"]
[TimeControl "180+2"]
[EndTime "10:49:03 PST"]
[Termination "Zarikovs1999 won by resignation"]

1. Nf3 d5 2. d4 Nf6 3. Bf4 c5 4. e3 Nc6 5. Bb5 Qa5+ 6. Nc3 Ne4 7. O-O Bg4 8. Nxd5 O-O-O 9. Bxc6 bxc6 10. Nc3 Nxc3 11.
bxc3 f6 12. Qe2 g5 13. Bg3 e6 14. Rab1 Bd6 15. Bxd6 Rxd6 16. dxc5 Rd5 17. Rb4 Bh5 18. Rfb1 Rhd8 19. e4 Bxf3 20. gxf3 Rd2 21. Rb8+ Kd7 22. Qxd2+ Ke7 23. Qxd8+ Qxd8 1-0

[Event "*** Titled Tuesday Blitz AM"]
[Site "Chess.com"]
[Date "2020.01.07"]
[Round "8"]
[White "kleinebeer98"]
[Black "rasmussvane"]
[Result "0-1"]
[WhiteElo "2691"]
[BlackElo "2873"]
[TimeControl "180+2"]
[EndTime "10:49:05 PST"]
[Termination "rasmussvane won by resignation"]

1. e4 c6 2. d4 d5 3. f3 e6 4. Nc3 Bb4 5. Bd3 c5 6. a3 Ba5 7. dxc5 d4 8. b4 dxc3 9. bxa5 Qxa5 10. Be3 Ne7 11. Ne2 Nd7 12. a4 a6 13. Ra3 Nxc5 14. O-O O-O 15. Nxc3 Rd8 16. Qb1 Bd7 17. Rd1 Be8 18.
Be2 Nc6 19. Kf2 Rxd1 20. Bxd1 Rd8 21. Be2 Nd4 22. Bxd4 Rxd4 23. Qb2 Rb4 24. Qc1 Nxa4 25. Nxa4 Rxa4 26. Rd3 Bb5 27. Rd1 Bxe2 28. Kxe2 h6 29. Qf4 Ra2 30. Rd7 Qb5+ 31. Rd3 Rxc2+ 32. Ke3 Qc5+ 0-1

[Event "*** Titled Tuesday Blitz AM"]
[Site "Chess.com"]
[Date "2020.01.07"]
[Round "8"]
[White "XxPetroffsxX"]
[Black "Ovsiannikov_Maxim"]
[Result "1-0"]
[WhiteElo "1996"]
[BlackElo "2341"]
[TimeControl "180+2"]
[EndTime "10:49:08 PST"]
[Termination "XxPetroffsxX won on time"]

1. d4 d5 2. c4 Nc6 3. Nf3 Bg4 4. cxd5 Bxf3 5. dxc6 Bxc6 6. Nc3 e6 7. a3 Nf6 8. Bg5 h6 9. Bxf6 Qxf6 10. e3 O-O-O 11. Rc1 Be7 12. b4 b6 13. Ba6+ Kb8 14. O-O Qg5 15. g3 h5 16. f4 Qg4 17. Qxg4 hxg4 18. Rf2 Rh5 19. Be2 f5 20. Bb5 Bb7 21. Ne2 g5 22. Bc6 Rd6 23. Bxb7 Kxb7 24. Rc3 Rh8 25. Nc1 Rc8 26. Nd3 1-0

[Event "*** Titled Tuesday Blitz AM"]
[Site "Chess.com"]
[Date "2020.01.07"]
[Round "8"]
[White "Korchmar_Vasiliy"]
[Black "Vugar_Manafov"]
[Result "1-0"]
[WhiteElo "2774"]
[BlackElo "2573"]
[TimeControl "180+2"]
[EndTime "10:49:13 PST"]
[Termination "Korchmar_Vasiliy won by resignation"]

1. d4 Nf6 2. c4 e6 3. g3 Bb4+ 4. Nd2 O-O 5. Bg2 d6 6. Nf3 Nc6 7. O-O e5 8. Nb3 exd4 9. Nfxd4 Nxd4 10. Qxd4 Nd7 11. a3 Nc5 12. Nxc5 Bxc5 13. Qc3 a5 14. b3 Be6 15. Bb2 f6 16. Bxb7 Rb8 17. Bg2 Rb6 18. Rfd1 Qb8 19. Rd3 Bf5 20. e4 Bg4 21. Qc2 Re8 22. h3 Bd7 23. Bc1 Bc6 24.
Be3 Bxe4 25. Bxe4 Rxe4 26. Bxc5 dxc5 27. Rad1 Rd4 28. Rxd4 cxd4 29. Rxd4 Rxb3 30. Qd2 Rb1+ 31.
Kh2 Qb6 32. Rd8+ Kf7 33. Qd7+ Kg6 34. Qg4+ Kh6 35. Qf4+ g5 36. Qf5 Rb2 37. c5 Qc6 38. Rd7 Rxf2+ 39. Qxf2 Qxd7 40. Qxf6+ 1-0

[Event "*** Titled Tuesday Blitz AM"]
[Site "Chess.com"]
[Date "2020.01.07"]
[Round "8"]
[White "Onegust"]
[Black "wannabe2700"]
[Result "0-1"]
[WhiteElo "2556"]
[BlackElo "2770"]
[TimeControl "180+2"]
[EndTime "10:49:13 PST"]
[Termination "wannabe2700 won by resignation"]

1. e4 e6 2. d4 d5 3. Bd3 dxe4 4. Bxe4 Nf6 5. Bf3 c5 6. Ne2 Nc6 7. Be3 cxd4 8. Nxd4 Ne5 9. Nc3 Bb4 10. O-O Bxc3 11. bxc3 Nxf3+ 12. Qxf3 Qd5 13. Qe2 O-O 14. Rfd1 b6 15.
Nf3 Qc6 16. Bd4 Nd5 17. Ne5 Qc7 18. c4 Ne7 19. Rd3 f6 20. Ng4 e5 21. Bb2 Ng6 22.
Ba3 Nf4 23. Qd1 Nxd3 24. Bxf8 Nf4 25. Bd6 Qxc4 26. Ne3 Qc6 27. Ba3 Bb7 28. Qg4 h5 29. Qg3 Ne2+ 0-1

[Event "*** Titled Tuesday Blitz AM"]
[Site "Chess.com"]
[Date "2020.01.07"]
[Round "8"]
[White "Butterfly"]
[Black "Supernotar"]
[Result "1-0"]
[WhiteElo "2411"]
[BlackElo "2554"]
[TimeControl "180+2"]
[EndTime "10:49:16 PST"]
[Termination "Butterfly won by resignation"]

1. Nf3 c5 2. b3 Nc6 3. Bb2 Nf6 4. c4 g6 5. Nc3 Bg7 6. Nd5 e6 7. Nc3 O-O 8. g3 d5 9. Bg2 d4 10. Na4 Nd7 11. O-O a6 12. Ba3 Qe7 13. Ne1 a5 14.
Bxc6 bxc6 15. Nd3 Rd8 16. Naxc5 Bf8 17. Nxd7 Qxa3 18. Nxf8 Qxf8 19. c5 e5 20. Nxe5 Qxc5 21. f4 Bh3 22. Rc1 Qd5 23. Rf2 c5 24. Qc2 Rdc8 25.
Qc4 Qb7 26. g4 h5 27. gxh5 gxh5 28. Qd3 Be6 29. f5 Bd5 30. f6 Kh8 31. Qf5 Rg8+ 32.
Kf1 Bg2+ 33. Ke1 Rg6 34. Qxh5+ Kg8 35. Nxg6 1-0

[Event "*** Titled Tuesday Blitz AM"]
[Site "Chess.com"]
[Date "2020.01.07"]
[Round "8"]
[White "Me_ch_an"]
[Black "muran29"]
[Result "0-1"]
[WhiteElo "2352"]
[BlackElo "2497"]
[TimeControl "180+2"]
[EndTime "10:49:20 PST"]
[Termination "muran29 won by resignation"]

1. e4 c5 2. Nc3 e6 3. g3 Nc6 4. d3 d5 5. exd5 exd5 6. Bg2 Nf6 7. Nge2 Be7 8. O-O O-O 9. Nf4 d4 10. Ne4 Bf5 11. Nxf6+ Bxf6 12. Re1 Rc8 13. Nd5 Bg5 14. Qf3 Be6 15. Nf4 Bxf4 16. Bxf4 Nb4 17. Re2 Bd5 18.
Qh5 Bxg2 19. Kxg2 Re8 20. a3 Qd5+ 21. Qxd5 Nxd5 22. Rae1 Nxf4+ 23. gxf4 Rxe2 24. Rxe2 Kf8 25. Kf3 f5 26. Re5 g6 27. h4 b6 28. h5 Re8 29.
Rd5 Ke7 30. Re5+ Kf7 31. Rd5 Ke6 32. Re5+ Kd7 33. hxg6 hxg6 34. Kg3 Re6 35. Kh4 Kd6 36. Rxe6+ Kxe6 37. Kg5 Kf7 38. c3 dxc3 39. bxc3 b5 40. f3 a5 0-1

[Event "*** Titled Tuesday Blitz AM"]
[Site "Chess.com"]
[Date "2020.01.07"]
[Round "8"]
[White "shanemelaughcm"]
[Black "WorldChampionBulletChess"]
[Result "0-1"]
[WhiteElo "2287"]
[BlackElo "2118"]
[TimeControl "180+2"]
[EndTime "10:49:20 PST"]
[Termination "WorldChampionBulletChess won by checkmate"]

1. d4 Nf6 2. h4 e6 3. h5 c5 4. h6 Nc6 5. e3 d5 6. Nf3 gxh6 7. Nc3 cxd4 8. exd4 Bd7 9. Bxh6 Qa5 10. Bxf8 Rxf8 11. Qd3 O-O-O 12. O-O-O Nb4 13. Qe3 Nxa2+ 14. Nxa2 Qxa2 15.
Qc3+ Kb8 16. b3 Rc8 17. Qb2 Qa5 18. Rh6 Ne4 19. Rxh7 Nxf2 20. Rd2 Ne4 21. Rd1 Nc3 22. Rd3 Na2+ 23. Kb1 Nb4 24. Rd2 e5 25. Rh5 e4 26.
Ne5 Be6 27. c3 Nd3 28. Nxd3 exd3 29. b4 Qc7 30. Rxd3 Qf4 31. Be2 Bf5 32. Rxf5 Qxf5 33. Ka2 Qe4 34. Rf3 f5 35. Bd3 Qe1 36. Bxf5 Rc6 37.
g4 Ra6+ 38. Kb3 Qd1+ 39. Bc2 Qxf3 40. Qc1 Qe2 41. Qg5 Qc4+ 42. Kb2 Ra2+ 43. Kc1 Rf1+ 44. Kd2 Rf2+ 45. Kc1 Raxc2+ 46. Kd1 Qf1# 0-1

[Event "*** Titled Tuesday Blitz AM"]
[Site "Chess.com"]
[Date "2020.01.07"]
[Round "8"]
[White "CarlosAlbornoz"]
[Black "ori99"]
[Result "0-1"]
[WhiteElo "2741"]
[BlackElo "2120"]
[TimeControl "180+2"]
[EndTime "10:49:40 PST"]
[Termination "ori99 won on time"]

1. e4 c5 2. Nf3 e6 3. d4 cxd4 4. Nxd4 a6 5. c4 Qc7 6. Nc3 Nf6 7. Be2 Bb4 8. Qd3 Nc6 9. Nxc6 dxc6 10. a3 Bxc3+ 11. Qxc3 e5 12. f3 O-O 13. Be3 Be6 14. c5 Nh5 15. O-O Nf4 16. Bc4 Bxc4 17. Qxc4 Ne6 18.
Rfd1 Rfd8 19. b4 Rxd1+ 20. Rxd1 Rd8 21. Qc2 a5 22. Kf2 axb4 23. axb4 h5 24. g3 g5 25. Rd2 Qe7 26. Qd1 Ra8 27. Qb3 Qf6 28. Kg2 h4 29. Ra2 Rd8 30. Rd2 Rxd2+ 31. Bxd2 g4 32. fxg4 h3+ 33.
Kxh3 Qf1+ 34. Kh4 Nd4 35. Qd1 Qxd1 0-1

[Event "*** Titled Tuesday Blitz AM"]
[Site "Chess.com"]
[Date "2020.01.07"]
[Round "8"]
[White "RubensCezila"]
[Black "ural58"]
[Result "1-0"]
[WhiteElo "2591"]
[BlackElo "2366"]
[TimeControl "180+2"]
[EndTime "10:49:41 PST"]
[Termination "RubensCezila won on time"]

1. b3 Nf6 2. Bb2 g6 3. d4 Bg7 4.
Nc3 c5 5. e3 O-O 6. Qd2 b6 7.
O-O-O Bb7 8. f3 cxd4 9. exd4 Na6 10. Kb1 Rc8 11. g4 Nb4 12. a3 Nbd5 13. Nxd5 Bxd5 14.
h3 Qc7 15. Rh2 Bh6 16. Qxh6 Qxh2 17. Bd3 b5 18. h4 Rc6 19. h5 Rfc8 20. Rc1 a6 21.
Qg5 Re6 22. Ne2 Bxf3 23. Nf4 Rec6 24. d5 Rd6 25. Be5 Rxd5 26. Nxd5 1-0

[Event "*** Titled Tuesday Blitz AM"]
[Site "Chess.com"]
[Date "2020.01.07"]
[Round "8"]
[White "kkpanu9"]
[Black "JSMastropiero"]
[Result "0-1"]
[WhiteElo "2117"]
[BlackElo "2385"]
[TimeControl "180+2"]
[EndTime "10:49:43 PST"]
[Termination "JSMastropiero won by resignation"]

1. e4 c5 2. Nf3 e6 3. d4 cxd4 4. Nxd4 a6 5. Nc3 Qc7 6. g3 Nf6 7. Bg2 d6 8. O-O Bd7 9. Nb3 Nc6 10. f4 Be7 11. g4 h6 12. Be3 h5 13. h3 hxg4 14. hxg4 g5 15. fxg5 Nh7 16. Qf3 Ne5 17.
Qg3 Bxg5 18. Bd4 O-O-O 19. Rad1 Nf6 20. Bxe5 dxe5 21. Bf3 Bf4 22. Qf2 Kb8 23. Ne2 Bb5 24. Nxf4 Bxf1 25. Nxe6 fxe6 26. Rxf1 Rdg8 27. Qc5 Nxg4 28.
Qxc7+ Kxc7 29. Bxg4 Rxg4+ 30. Kf2 Rf8+ 31. Ke2 Rxe4+ 32. Kd3 Rxf1 33. Kxe4 Re1+ 34. Kf3 Rb1 35. Ke4 Rxb2 36. Kxe5 Rxc2 37. Kxe6 Rxa2 38. Nd4 Rd2 39. Nb3 Re2+ 40. Kd5 b6 41. Kc4 a5 42. Kb5 Rb2 43.
Ka4 Rxb3 44. Kxb3 Kc6 0-1

[Event "*** Titled Tuesday Blitz AM"]
[Site "Chess.com"]
[Date "2020.01.07"]
[Round "8"]
[White "trickytock"]
[Black "Ariadna_Atreides"]
[Result "1-0"]
[WhiteElo "2493"]
[BlackElo "2047"]
[TimeControl "180+2"]
[EndTime "10:49:47 PST"]
[Termination "trickytock won by checkmate"]

1. e4 c5 2. Nf3 d6 3. d4 cxd4 4.
Nxd4 Nf6 5. Nc3 Nc6 6. Bg5 e6 7. Qd2 a6 8. O-O-O Bd7 9. f4 Be7 10. Nf3 b5 11. Bxf6 gxf6 12. Kb1 Qc7 13. g3 Na5 14.
Nd4 Nc4 15. Bxc4 Qxc4 16. f5 O-O 17. Nce2 e5 18. b3 Qc7 19. Nf3 b4 20. g4 a5 21.
Qh6 Kh8 22. g5 Qd8 23. gxf6 Bxf6 24. Rxd6 Be7 25. f6 Rg8 26. fxe7 Qxe7 27. Qf6+ Qxf6 28. Rxf6 Bb5 29. Ng3 Rae8 30. Rxf7 a4 31. Nf5 axb3 32. axb3 Rg2 33. h4 Rc8 34. Rc1 Be2 35. Ng5 h6 36.
Nxh6 Rg4 37. Rh7# 1-0

[Event "*** Titled Tuesday Blitz AM"]
[Site "Chess.com"]
[Date "2020.01.07"]
[Round "8"]
[White "Er_is_geen_hoop_meer"]
[Black "GMCarbone"]
[Result "1/2-1/2"]
[WhiteElo "2351"]
[BlackElo "2264"]
[TimeControl "180+2"]
[EndTime "10:49:49 PST"]
[Termination "Game drawn - insufficient material"]

1. b4 e5 2. a3 d5 3. Bb2 Bd6 4. c4 c6 5. Nf3 Qe7 6. cxd5 cxd5 7. Nc3 Nf6 8. Nb5 e4 9. Nxd6+ Qxd6 10. Nd4 Nc6 11. Nxc6 bxc6 12. d3 O-O 13. e3 Bg4 14.
Be2 Bxe2 15. Qxe2 Rfe8 16. O-O a5 17. bxa5 Rxa5 18. Rac1 Rb8 19. Rfd1 exd3 20. Rxd3 Rab5 21. Bd4 h6 22. g3 Rb3 23. Bc5 Qe5 24. Rxb3 Rxb3 25.
Qc2 Rb2 26. Qc3 Qxc3 27. Rxc3 Ne4 28. Rc1 Nxf2 29. Bd4 Nh3+ 30. Kh1 Ra2 31. Rxc6 Rxa3 32. Rc8+ Kh7 33. Rc7 Kg6 34. Rd7 Ra2 35. Rxd5 Nf2+ 36. Kg2 Ng4+ 37. Kf3 Nxh2+ 38. Ke4 Ng4 39. Rd6+ f6 40. Rb6 h5 41. Rc6 Rg2 42. Kf3 Rf2+ 43. Ke4 Rf1 44. Bc5 Re1 45. Rc7 Rc1 46. Bd6 Rxc7 47.
Bxc7 Kf7 48. Kf5 g6+ 49. Kf4 Ke6 50. Bd8 Nh6 51. e4 Nf7 52. Bc7 Ng5 53. Bb8 Nh3+ 54. Kf3 Ng5+ 55. Kf4 Nf7 56. Bc7 Nd6 57. e5 fxe5+ 58.
Kg5 Ne4+ 59. Kxg6 Nxg3 60. Kg5 Nf5 61. Bxe5 Kxe5 62. Kxh5 1/2-1/2

[Event "*** Titled Tuesday Blitz AM"]
[Site "Chess.com"]
[Date "2020.01.07"]
[Round "8"]
[White "garfield_pg"]
[Black "TST2014"]
[Result "0-1"]
[WhiteElo "2365"]
[BlackElo "2533"]
[TimeControl "180+2"]
[EndTime "10:49:50 PST"]
[Termination "TST2014 won by resignation"]

1. e4 c5 2. Nf3 Nc6 3. d4 cxd4 4. Nxd4 Nf6 5. Nc3 d6 6. Be3 e5 7. Nf3 h6 8. Bc4 Be7 9. h3 O-O 10. O-O Be6 11. Bb3 Na5 12. Qe2 a6 13. Rfd1 Qc7 14.
Rd2 Nc4 15. Bxc4 Bxc4 16. Qe1 Rac8 17. Rad1 b5 18. a3 Qb7 19. b3 Bxb3 20. cxb3 Rxc3 21. Rxd6 Bxd6 22. Qxc3 Nxe4 23. Qb2 Qe7 24. Re1 Bxa3 25.
Qb1 Nc3 26. Qa1 b4 27. Bd4 e4 28. Bxc3 bxc3 29. Qxc3 Bb4 30. Qe3 Bxe1 31. Nxe1 f5 32. g3 Qe6 33. Nc2 Qd5 34. Nd4 Rd8 35. Ne2 Rb8 36. Kg2 Rxb3 37. Qf4 e3+ 38. f3 Qd3 0-1

[Event "*** Titled Tuesday Blitz AM"]
[Site "Chess.com"]
[Date "2020.01.07"]
[Round "8"]
[White "INLOVEWITHF"]
[Black "enzovsky"]
[Result "0-1"]
[WhiteElo "2444"]
[BlackElo "2243"]
[TimeControl "180+2"]
[EndTime "10:49:50 PST"]
[Termination "enzovsky won by resignation"]

1. d4 Nf6 2. c4 g6 3. Nc3 d5 4.
Nf3 Bg7 5. cxd5 Nxd5 6. e4 Nxc3 7. bxc3 c5 8. Be3 Qa5 9. Qd2 Nc6 10. d5 Bxc3 11. Rc1 Bxd2+ 12. Bxd2 Qa4 13. dxc6 Qxe4+ 14. Be3 bxc6 15. Bc4 O-O 16. O-O Bg4 17. Ng5 Qe5 18.
Rfe1 h6 19. f4 Qb2 20. Ne4 Rad8 21. Nxc5 Bf5 22. Bb3 Rd6 23. Na4 Qf6 24. Bxa7 Be6 25. Bc5 Bxb3 26. Bxd6 Bxa4 27. Bxe7 Qd4+ 28. Kh1 Re8 29.
Ba3 Rxe1+ 30. Rxe1 c5 31. Bc1 Bc6 32. Be3 Qe4 33. Re2 c4 34. Kg1 c3 35. Kf1 Bb5 36.
Kf2 Bxe2 37. Kxe2 c2 38. Kd2 Qxe3+ 39. Kxc2 Qxf4 0-1

[Event "*** Titled Tuesday Blitz AM"]
[Site "Chess.com"]
[Date "2020.01.07"]
[Round "8"]
[White "Mikasinski"]
[Black "ChessyInstinct"]
[Result "0-1"]
[WhiteElo "2300"]
[BlackElo "2436"]
[TimeControl "180+2"]
[EndTime "10:49:53 PST"]
[Termination "ChessyInstinct won by resignation"]

1. e4 e5 2. Nf3 Nc6 3. Nc3 Nf6 4. Bb5 Bb4 5. O-O O-O 6. d3 d6 7. Bg5 h6 8. Bxf6 Qxf6 9. Nd5 Qd8 10. Bxc6 bxc6 11.
Nxb4 Bd7 12. c3 f5 13. exf5 Rxf5 14. Nc2 Rf7 15. Ne3 Rb8 16. b4 Qf6 17. Nd2 Qg6 18. Ne4 Rbf8 19. f3 d5 20. Nc5 Bc8 21. Qe2 h5 22. Kh1 h4 23. h3 Qg3 24. Ng4 Bxg4 25.
fxg4 Rf2 26. Rxf2 Rxf2 27. Qxf2 Qxf2 28. a4 Qe2 29. a5 e4 30. dxe4 dxe4 31. Ne6 e3 32.
Nd4 Qf2 33. Nf3 Qb2 34. Re1 Qxc3 35. Kh2 Qxb4 36. Rxe3 Qf4+ 0-1

[Event "*** Titled Tuesday Blitz AM"]
[Site "Chess.com"]
[Date "2020.01.07"]
[Round "8"]
[White "Oligan22"]
[Black "VeraNebolsina"]
[Result "0-1"]
[WhiteElo "2438"]
[BlackElo "2340"]
[TimeControl "180+2"]
[EndTime "10:49:58 PST"]
[Termination "VeraNebolsina won by resignation"]

1. e4 g6 2. d4 Bg7 3. Nc3 d6 4. f4 Nf6 5. Nf3 c5 6. dxc5 Qa5 7. Bd3 Qxc5 8. Qe2 Ng4 9. Bd2 Nc6 10. h3 Nf6 11.
Be3 Qa5 12. O-O O-O 13. a3 Nh5 14. Qf2 Bxc3 15. bxc3 Qxc3 16. g4 Ng7 17. f5 Bd7 18. Nd4 Ne5 19. Be2 f6 20. Rab1 b6 21. Rb3 Qc7 22. c4 g5 23. h4 h6 24. hxg5 hxg5 25.
Rc3 Qb7 26. Qg2 Kf7 27. Rb1 Rh8 28. c5 dxc5 29. Rxc5 Rac8 30. Rcc1 Ne8 31. Bd1 Nd6 32. Bb3+ Kg7 33. Bd5 Qa6 34. Qb2 Qd3 35. Re1 Nxg4 36. Qe2 Qxe3+ 37. Qxe3 Nxe3 38. Rxe3 Rh4 39. Nb3 Rch8 40.
Kf2 Rh2+ 41. Kf3 R8h3+ 0-1

[Event "*** Titled Tuesday Blitz AM"]
[Site "Chess.com"]
[Date "2020.01.07"]
[Round "8"]
[White "heyiampotato"]
[Black "temus_galaktionov"]
[Result "0-1"]
[WhiteElo "2516"]
[BlackElo "2757"]
[TimeControl "180+2"]
[EndTime "10:49:59 PST"]
[Termination "temus_galaktionov won by checkmate"]

1. Nf3 c6 2. g3 g6 3. Bg2 Bg7 4. O-O d6 5. d4 Nf6 6. Re1 Nbd7 7.
e4 e5 8. Nc3 O-O 9. a4 a5 10.
h3 Re8 11. Be3 Qc7 12. Qd2 b6 13. Qc1 Bb7 14. Nd2 exd4 15. Bxd4 Re6 16. Nc4 Ba6 17. Ne3 h5 18. Qd1 Rae8 19. f4 Bb7 20. Qd3 Nc5 21. Bxc5 bxc5 22. Rad1 d5 23. f5 Re5 24. exd5 cxd5 25. Nb5 Qe7 26. Kf2 d4 27. Bxb7 dxe3+ 28. Kg1 Qxb7 29. Nd6 Qf3 30. Nxe8 Qxg3+ 31. Kh1 Qxh3+ 32.
Kg1 Qg3+ 33. Kh1 Ng4 34. Re2 Rxe8 35. fxg6 fxg6 36. Qd5+ Kh7 37. Qf7 Nf2+ 38. Rxf2 exf2 39. Qxe8 Qh3# 0-1